 Dungeon Crawl Stone Soup version 0.16.2-12-gd0ad4c3 (webtiles) character file.

674 faibistes the Thaumaturge (level 7, -4/40 HPs)
             Began as a Deep Elf Wizard on Feb 24, 2019.
             Shot with an arrow by a centaur (12 damage)
             ... on level 5 of the Dungeon.
             The game lasted 00:13:30 (5147 turns).

faibistes the Thaumaturge (Deep Elf Wizard)         Turns: 5147, Time: 00:13:30

Health: -4/40      AC:  3    Str:  4    XL:     7   Next: 33%
Magic:  13/26      EV: 14    Int: 25    God:
Gold:   243        SH:  0    Dex: 13    Spells: 6 memorised, 9 levels left

rFire  . . .     SeeInvis .     x - +1 hand axe (drain)
rCold  . . .     Clarity  .     a - +0 robe
rNeg   . . .     SustAb   +     (no shield)
rPois  +         Gourm    .     b - +0 hat
rElec  .         Spirit   .     f - +0 cloak
rCorr  .         Warding  .     (no gloves)
rMut   .         Stasis   .     (no boots)
MR     .....                    r - amulet of inaccuracy (curse)
Stlth  ++........               t - ring of sustain abilities
                                p - ring of poison resistance

@: very slightly contaminated, not resistant to hostile enchantments, unstealthy
A: no striking features
a: no special abilities


You were on level 5 of the Dungeon.
You were hungry.

You visited 2 branches of the dungeon, and saw 6 of its levels.

You collected 243 gold pieces.

Inventory:

Hand weapons
 j - a +0 dagger
 x - a +1 hand axe of draining (weapon)
Armour
 a - a +0 robe (worn)
 b - a +0 hat (worn)
 f - a +0 cloak (worn)
Jewellery
 p - a ring of poison resistance (left hand)
 r - a cursed amulet of inaccuracy (around neck)
 t - a ring of sustain abilities (right hand)
Scrolls
 i - 3 scrolls of remove curse
 k - a scroll of amnesia
 m - 3 scrolls of fear
 s - 2 scrolls of recharging
Potions
 e - a potion of cure mutation {unknown}
 g - a potion of agility
 l - a potion of cancellation {unknown}
 n - a potion of haste {unknown}
 q - a potion of might {unknown}
 u - a potion of degeneration {unknown}
 w - 2 potions of heal wounds {unknown}
Books
 c - a book of Minor Magic

   Spells                             Type                      Level
   a - Magic Dart                     Conjuration                  1
   b - Blink                          Translocation                2
   c - Call Imp                       Summoning                    2
   d - Repel Missiles                 Charms/Air                   2
   e - Slow                           Hexes                        2
   f - Conjure Flame                  Conjuration/Fire             3
   g - Mephitic Cloud                 Conjuration/Poison/Air       3
Comestibles
 d - 4 bread rations
 h - 2 meat rations
 o - 3 beef jerkies


   Skills:
 * Level 2.1 Fighting
 + Level 4.8 Dodging
 - Level 2.4 Stealth
 * Level 8.0 Spellcasting
 - Level 4.0 Conjurations
 - Level 1.1 Summonings
 - Level 2.2 Translocations


You had 9 spell levels left.
You knew the following spells:

 Your Spells              Type           Power        Failure   Level  Hunger
a - Magic Dart            Conj           ####         1%          1    None
b - Conjure Flame         Conj/Fire      ###.....     10%         3    None
c - Call Imp              Summ           ###.....     8%          2    None
d - Blink                 Tloc           N/A          4%          2    None
e - Mephitic Cloud        Conj/Pois/Air  ###.....     12%         3    None
f - Repel Missiles        Chrm/Air       ##....       10%         2    None


Dungeon Overview and Level Annotations

Branches:
Dungeon (5/15)             Temple (1/1) D:4

Altars:
Cheibriados
Dithmenos
Elyvilon
Fedhas
Gozag
Nemelex Xobeh
Okawaru
Qazlal
Ru
Trog
Xom
Yredelemnul
Zin
The Shining One


Message History

Aiming: Magic Dart
Press: ? - help, Shift-Dir - straight line, f/p - hound
Aim: a hound (severely wounded)
The magic dart hits the hound.
The hound is severely wounded.
The hound bites you.
The centaur shoots an arrow.
The arrow hits you.
* * * LOW HITPOINT WARNING * * *
The hound bites you.
* * * LOW HITPOINT WARNING * * *
Casting: Magic Dart
Confirm with . or Enter, or press ? or * to list all spells.
Aiming: Magic Dart
Press: ? - help, Shift-Dir - straight line, f/p - hound
Aim: a hound (severely wounded)
The magic dart hits the hound.
You kill the hound!
Your Spellcasting skill increases to level 8!
You hear a slurping noise.
The centaur shoots an arrow.
The arrow hits you!
You die...

# #.# # #.# ## #.# ... ..
.# .# ####### .#
........... .#
###.#.....#######.####
##...###(J.....@.c..#
..............###†.......
###.####.....>.....####.
.........###..###.##
####.###.....## .#
##.....##### .# #...####
.# ###.#.# .# #...#.# .


You could see a centaur and a jelly.

Vanquished Creatures
  A hippogriff (D:5)
  A phantom (D:4)
  An ogre (D:4)
  A centaur skeleton (D:4)
  3 hounds
  2 worker ants
  An iguana (D:4)
  Ijyb (D:2)
  5 adders
  A giant mite (D:4)
  6 giant geckos
  An ooze (D:1)
  3 orcs
  2 ball pythons (D:4)
  4 giant cockroaches
  6 goblins
  12 hobgoblins
  9 kobolds
  3 quokkas
  13 bats
  3 giant newts
  10 jackals
  17 rats
106 creatures vanquished.

Vanquished Creatures (collateral kills)
  A river rat (D:4)
  A worm (D:2)
  2 jackals (D:2)
  A kobold (D:2)
5 creatures vanquished.

Grand Total: 111 creatures vanquished

Notes
Turn   | Place    | Note
--------------------------------------------------------------
     0 | D:1      | faibistes, the Deep Elf Wizard, began the quest for the Orb.
     0 | D:1      | Reached XP level 1. HP: 10/10 MP: 6/6
   407 | D:2      | Reached XP level 2. HP: 15/15 MP: 8/10
   430 | D:2      | Learned a level 2 spell: Blink
   433 | D:2      | Learned a level 2 spell: Call Imp
   515 | D:1      | Reached skill level 5 in Spellcasting
   945 | D:3      | Reached XP level 3. HP: 19/19 MP: 3/14
   950 | D:3      | Learned a level 3 spell: Conjure Flame
   954 | D:3      | Learned a level 3 spell: Mephitic Cloud
  1788 | D:2      | Learned a level 2 spell: Repel Missiles
  1978 | D:2      | Reached XP level 4. HP: 24/24 MP: 14/17
  2304 | D:2      | Noticed Ijyb
  2324 | D:2      | Killed Ijyb
  2705 | D:4      | Noticed a phantom
  2740 | D:4      | Killed a phantom
  2740 | D:4      | Reached skill level 6 in Spellcasting
  2740 | D:4      | Reached XP level 5. HP: 3/28 MP: 1/20
  2901 | D:4      | Found a staircase to the Ecumenical Temple.
  2915 | Temple   | Entered the Ecumenical Temple
  3255 | D:4      | Found a shadowy altar of Dithmenos.
  3307 | D:4      | Found a sacrificial altar of Ru.
  3308 | D:4      | Found a bloodstained altar of Trog.
  3308 | D:4      | Found a glowing silver altar of Zin.
  3875 | D:3      | Found a snail-covered altar of Cheibriados.
  4041 | D:5      | Entered Level 5 of the Dungeon
  4125 | D:4      | Reached XP level 6. HP: 24/32 MP: 12/22
  4456 | D:4      | Reached skill level 7 in Spellcasting
  4720 | D:4      | Reached skill level 1 in Fighting
  5006 | D:5      | Noticed a hippogriff
  5012 | D:5      | Killed a hippogriff
  5012 | D:5      | Reached XP level 7. HP: 24/40 MP: 14/25
  5127 | D:5      | Noticed a centaur
  5147 | D:5      | Reached skill level 8 in Spellcasting
  5147 | D:5      | Shot with an arrow by a centaur

Action                   |  1- 3 |  4- 6 |  7- 9 || total
-------------------------+-------+-------+-------++-------
Melee: Dagger            |     1 |     5 |       ||     6
       Hand axe          |       |     3 |     2 ||     5
 Cast: Magic Dart        |    93 |   156 |     9 ||   258
       Call Imp          |    10 |     2 |       ||    12
       Blink             |     1 |       |       ||     1
       Repel Missiles    |     1 |       |       ||     1
       Conjure Flame     |       |     9 |       ||     9
       Mephitic Cloud    |       |     5 |     1 ||     6
  Use: Scroll            |     1 |     9 |       ||    10
 Stab: Confused          |       |     1 |       ||     1
  Eat: Chunk             |     3 |     9 |       ||    12
